 Dungeon Crawl Stone Soup version 0.21-a0-380-gd65dc97 (webtiles) character file.

25052 grizmgrazm2 the Unseen (level 12, -5/81 HPs)
             Began as a Vampire Enchanter on Oct 17, 2017.
             Was a Follower of Uskayaw.
             Shot with an arrow by Nessos (32 damage)
             ... on level 5 of the Lair of Beasts.
             The game lasted 00:50:18 (15001 turns).

grizmgrazm2 the Unseen (Vampire Enchanter)         Turns: 15001, Time: 00:50:19

Health: -5/81      AC:  0    Str:  7    XL:     12   Next: 86%
Magic:  12/25      EV: 24    Int: 22    God:    Uskayaw [*.....]
Gold:   488        SH:  0    Dex: 20    Spells: 16/29 levels left

rFire    . . .     SeeInvis +   (weapon currently unavailable)
rCold    + . .     Gourm    .   (shield currently unavailable)
rNeg     + + .     Faith    .   (armour currently unavailable)
rPois    +         Spirit   .   (helmet currently unavailable)
rElec    .         Reflect  .   (cloak currently unavailable)
rCorr    .         Harm     .   (gloves currently unavailable)
MR       +....                  (boots currently unavailable)
Stlth    +++++++++.             (no amulet)
HPRegen  0.11/turn              (ring currently unavailable)
MPRegen  0.19/turn              (ring currently unavailable)

@: lethally poisoned (-5 -> -13), bat-form, flying, regenerating slowly, very
quick
A: fangs 3, see invisible
a: End Transformation, Stomp, Renounce Religion


You were on level 5 of the Lair of Beasts.
You worshipped Uskayaw.
Uskayaw was noncommittal.
You were thirsty.
You were in vampire-bat-form.
You visited 3 branches of the dungeon, and saw 15 of its levels.
You also visited: Ossuary.

You collected 728 gold pieces.
You spent 240 gold pieces at shops.

Inventory:

Hand Weapons
 a - a +1 dagger
 n - a +2 dagger of venom (melded)
Armour
 l - a +2 cloak (melded)
 m - a +2 helmet (melded)
 o - the +3 salamander hide armour (melded) {+Rage rF++}
   (You found it on level 2 of the Lair of Beasts)

   It greatly protects you from fire.
   It lets you go berserk.
 y - a +2 pair of boots (melded)
 I - a +1 pair of gloves (melded)
 J - +0 steam dragon scales
Jewellery
 s - a +6 ring of evasion (melded)
 v - a ring of resist corrosion (melded)
 E - a +2 ring of protection
Wands
 b - a wand of confusion (26/48)
 r - a wand of confusion (47/48)
 C - a wand of paralysis (13/24)
 G - a wand of random effects (32/48)
 H - a wand of digging (10/24)
Scrolls
 f - a scroll of fog
 g - a scroll of blinking
 h - 9 scrolls of teleportation
 j - 9 scrolls of remove curse
 p - 4 scrolls of amnesia
 q - 2 scrolls of fear
 D - 2 scrolls of recharging
 F - 5 scrolls of identify
Potions
 d - 30 potions of blood
 e - 3 potions of ambrosia
 i - a potion of flight
 k - 3 potions of haste
 t - 3 potions of invisibility
 z - a potion of brilliance
 A - 3 potions of resistance
Books
 c - a book of Maledictions

   Spells                             Type                      Level
   a - Corona                         Hexes                        1
   b - Ensorcelled Hibernation        Hexes/Ice                    2
   c - Confuse                        Hexes                        3
   d - Tukima's Dance                 Hexes                        3
   e - Dazzling Spray                 Conjuration/Hexes            3
 u - a book of Misfortune

   Spells                             Type                      Level
   a - Confusing Touch                Hexes                        1
   b - Confuse                        Hexes                        3
   c - Gell's Gravitas                Translocation                3
   d - Petrify                        Transmutation/Earth          4
   e - Metabolic Englaciation         Hexes/Ice                    5
   f - Yara's Violent Unravelling     Hexes/Transmutation          5
 w - a book of Battle

   Spells                             Type                      Level
   a - Infusion                       Charms                       1
   b - Shroud of Golubria             Charms/Translocation         2
   c - Song of Slaying                Charms                       2
   d - Spectral Weapon                Hexes/Charms                 3
   e - Regeneration                   Charms/Necromancy            3
 B - a book of Changes

   Spells                             Type                      Level
   a - Beastly Appendage              Transmutation                1
   b - Sticks to Snakes               Transmutation                2
   c - Spider Form                    Transmutation/Poison         3
   d - Ice Form                       Ice/Transmutation            4
   e - Blade Hands                    Transmutation                5


   Skills:
 + Level 3.3 Fighting
 + Level 6.4 Short Blades
 + Level 2.1 Armour
 + Level 5.1 Dodging
 + Level 17.9 Stealth
 + Level 9.0 Spellcasting
 + Level 13.0 Hexes
 + Level 6.3 Ice Magic
 * Level 6.3 Invocations


You had 16 spell levels left.
You knew the following spells:

 Your Spells              Type           Power        Failure   Level  Hunger
a - Ensorcelled Hibernat  Hex/Ice        ######       1%          2    None
b - Confuse               Hex            ######..     1%          3    None
c - Tukima's Dance        Hex            ######..     1%          3    None
d - Metabolic Englaciati  Hex/Ice        ######....   3%          5    #####..


Dungeon Overview and Level Annotations

Branches:
Dungeon (9/15)             Temple (1/1) D:6            Lair (5/6) D:9
  Swamp (0/4) Lair:2        Snake (0/4) Lair:2
  Slime: Lair:5-6       Orc: D:9-12

Altars:
Ashenzari
Cheibriados
Dithmenos
Elyvilon
Fedhas
Gozag
Hepliaklqana
Kikubaaqudgha
Makhleb
Nemelex Xobeh
Okawaru
Qazlal
Ru
Sif Muna
Trog
Uskayaw
Vehumet
Wu Jian
Xom
Yredelemnul
Zin
The Shining One

Shops:
D:5 }:   D:9 *

Annotations:
Lair:5 Nessos


Innate Abilities, Weirdness & Mutations

You heal slowly.
You have razor-sharp teeth.
You have supernaturally acute eyesight. (SInv)
((You can survive without breathing.))


Message History

Your +1 pair of gloves melds into your body.
Your +2 pair of boots melds into your body.
The +3 salamander hide armour {+Rage rF++} melds into your body.
Your ring of resist corrosion melds into your body.
Your +6 ring of evasion melds into your body.
Your +2 dagger of venom stops dripping with poison.
You feel sick.
Nessos pounds the earth with his hooves.
The dream sheep completely misses you. The dream sheep misses you.
You feel sick.
Nessos blinks!
You feel sick.
Nessos shoots an arrow.
The arrow completely misses you.
You see here an arrow.
Nessos blinks!
You feel sick.
Nessos shoots an arrow.
The arrow misses you.
You feel sick.
Nessos shoots an arrow.
The arrow misses you.
You see here an arrow.
You feel sick.
You feel sick.
Nessos shoots an arrow.
The arrow hits you!!
You die...

# P.### ### #####
####..#.##.####P#.#####
#.PP.......PP##...##..#
..:..........<....#..##
.##......................# .P.#
#...................#
....##..........b........#
...#................PP...#
.........................#
.........................# ##
.........................# ≈#
....................((...##§
...................YcY...#§## #
......................}..#.≈## #.
....................(........##.≈


You could see Nessos and 2 dream sheep.

Vanquished Creatures
  4 hydras
  The ghost of Yermak the Nimble, a journeyman DgTm (Lair:5)
  The ghost of Nattefrost the Cleaver, a novice HOAK of Lugonu (D:7)
  Pikel (D:8)
  6 elephants
  Psyche (D:9)
  A centaur zombie (D:9)
  3 spiny frogs
  7 rime drakes
  A komodo dragon (Lair:1)
  3 hippogriffs
  5 dream sheep
  4 wyverns
  30 yaks
  Menkaure (D:4)
  5 steam dragons
  5 water moccasins
  2 sky beasts
  13 porcupines
  2 orc warriors (D:8)
  A necrophage (D:6)
  7 ogres
  4 wolves (Lair:3)
  A phantom (D:4)
  5 centaurs
  12 crocodiles
  4 big kobolds
  9 bullfrogs
  A water moccasin skeleton (D:8)
  A wyvern skeleton (D:7)
  13 killer bees
  6 scorpions
  2 howler monkeys
  A crimson imp (D:5)
  3 bullfrog zombies
  4 hounds
  2 human zombies (Ossuary)
  4 jellies
  5 orc priests
  A centaur skeleton (D:7)
  Crazy Yiuf (D:7)
  Terence (D:3)
  5 iguanas
  4 orc wizards
  8 worker ants
  A killer bee zombie (D:5)
  4 mummies (Ossuary)
  A howler monkey zombie (D:6)
  A worker ant zombie (D:9)
  12 gnolls
  6 adders
  2 shadow imps (D:9)
  5 oozes
  2 adder zombies
  A worm zombie (D:4)
  2 adder skeletons
  2 worms (D:5)
  2 dart slugs (D:1)
  5 leopard geckos
  26 orcs
  6 bats
  6 giant cockroaches
  4 goblins
  16 hobgoblins
  10 jackals
  16 kobolds
  3 quokkas
  5 frilled lizards
  2 gnoll zombies (Ossuary)
  2 hobgoblin zombies (Ossuary)
  3 jackal zombies
  2 orc zombies (Ossuary)
  5 rats
  3 fungi (D:9)
356 creatures vanquished.

Vanquished Creatures (others)
  A slave (D:8)
  12 fungi (D:9)
  3 plants
16 creatures vanquished.

Grand Total: 372 creatures vanquished

Notes
Turn   | Place    | Note
-------+----------+-------------------------------------------
     0 | D:1      | grizmgrazm2 the Vampire Enchanter began the quest for the Orb.
     0 | D:1      | Reached XP level 1. HP: 13/13 MP: 3/3
   239 | D:1      | Reached XP level 2. HP: 15/19 MP: 5/5
   243 | D:1      | Learned a level 2 spell: Ensorcelled Hibernation
   437 | D:1      | Reached skill level 5 in Hexes
   480 | D:1      | Reached skill level 5 in Stealth
   803 | D:1      | Reached XP level 3. HP: 24/24 MP: 6/6
   808 | D:1      | Learned a level 3 spell: Confuse
  1960 | D:2      | Reached XP level 4. HP: 16/30 MP: 1/7
  1965 | D:2      | HP: 1/30 [adder (3)]
  2751 | D:3      | Reached skill level 6 in Stealth
  3614 | D:2      | Reached skill level 1 in Ice Magic
  3680 | D:3      | Reached XP level 5. HP: 36/36 MP: 5/8
  3856 | D:3      | Noticed Terence
  3864 | D:3      | Killed Terence
  4073 | D:3      | Found a faded altar of an unknown god.
  4160 | D:4      | Noticed an ogre
  4163 | D:4      | Killed an ogre
  4163 | D:4      | Reached skill level 7 in Stealth
  4163 | D:4      | Reached XP level 6. HP: 42/42 MP: 10/10
  4166 | D:4      | Found a sand-covered staircase.
  4283 | D:4      | Reached skill level 1 in Fighting
  4283 | D:4      | Reached skill level 8 in Stealth
  4409 | D:4      | Reached XP level 7. HP: 24/48 MP: 6/12
  4542 | Ossuary  | Entered an ossuary
  5441 | D:4      | Reached skill level 9 in Stealth
  5477 | D:4      | Noticed Menkaure
  5488 | D:4      | Killed Menkaure
  5595 | D:5      | Entered Level 5 of the Dungeon
  5595 | D:5      | Found a snail-covered altar of Cheibriados.
  5613 | D:5      | Found a shimmering altar of Xom.
  5673 | D:5      | Found Beaf Doc's Book Emporium.
  5676 | D:5      | Bought a book of Misfortune for 240 gold pieces
  5680 | D:5      | Learned a level 3 spell: Tukima's Dance
  5757 | D:5      | Found Ulemestro's Gadget Boutique.
  5794 | D:5      | Reached XP level 8. HP: 51/54 MP: 10/13
  6208 | D:6      | Found a glowing golden altar of the Shining One.
  6358 | D:6      | HP: 2/54 [centaur (4)]
  6670 | D:6      | Found a staircase to the Ecumenical Temple.
  6679 | Temple   | Entered the Ecumenical Temple
  6920 | Temple   | Became a worshipper of Uskayaw the Reveler
  6998 | D:6      | Reached * piety under Uskayaw
  7121 | D:6      | Reached skill level 10 in Stealth
  7183 | D:6      | Reached ** piety under Uskayaw
  7579 | D:7      | Reached skill level 5 in Spellcasting
  7631 | D:7      | Reached skill level 11 in Stealth
  7631 | D:7      | Reached XP level 9. HP: 52/60 MP: 10/16
  7633 | D:7      | Reached *** piety under Uskayaw
  7637 | D:7      | Reached **** piety under Uskayaw
  7912 | D:7      | Noticed Nattefrost's ghost (novice HOAK)
  7961 | D:7      | Killed Nattefrost's ghost
  8112 | D:7      | Found a shimmering altar of Xom.
  8124 | D:7      | Reached skill level 12 in Stealth
  8551 | D:7      | Reached skill level 5 in Short Blades
  8655 | D:7      | Found a runed door.
  8659 | D:7      | Noticed Crazy Yiuf
  8663 | D:7      | Killed Crazy Yiuf
  8760 | D:7      | Learned a level 5 spell: Metabolic Englaciation
  8794 | D:8      | Found a blossoming altar of Fedhas.
  8971 | D:8      | Reached skill level 13 in Stealth
  9174 | D:8      | Reached XP level 10. HP: 67/67 MP: 11/19
  9274 | D:8      | Noticed Pikel
  9277 | D:8      | Paralysed by Pikel for 4 turns
  9285 | D:8      | Killed Pikel
  9285 | D:8      | Reached skill level 10 in Hexes
  9640 | D:8      | Reached skill level 14 in Stealth
  9698 | D:8      | Noticed a three-headed hydra
  9702 | D:8      | Killed a three-headed hydra
  9834 | D:9      | Reached skill level 1 in Invocations
  9869 | D:9      | Found Pyenoq's Demolitions Depot.
  9878 | D:9      | Noticed Psyche
  9881 | D:9      | Killed Psyche
 10078 | D:9      | Found a staircase to the Lair.
 10116 | D:9      | Reached skill level 5 in Ice Magic
 10116 | D:9      | Reached XP level 11. HP: 74/74 MP: 8/21
 10511 | D:9      | Reached skill level 15 in Stealth
 10605 | Lair:1   | Entered Level 1 of the Lair of Beasts
 10714 | Lair:1   | Found a dark tunnel.
 11388 | Lair:2   | Found a staircase to the Snake Pit.
 11406 | Lair:2   | Reached ***** piety under Uskayaw
 11430 | Lair:2   | Reached skill level 16 in Stealth
 11754 | Lair:2   | Found a staircase to the Swamp.
 11950 | Lair:2   | Noticed a five-headed hydra
 11970 | Lair:2   | Killed a five-headed hydra
 12046 | Lair:2   | Found the +3 salamander hide armour {+Rage rF++}
 12215 | Lair:2   | Noticed a four-headed hydra
 12221 | Lair:2   | Killed a four-headed hydra
 12221 | Lair:2   | Reached XP level 12. HP: 80/80 MP: 21/24
 13155 | Lair:4   | Noticed a five-headed hydra
 13162 | Lair:4   | Killed a five-headed hydra
 13162 | Lair:4   | Reached skill level 17 in Stealth
 13162 | Lair:4   | Reached skill level 5 in Invocations
 13633 | Lair:4   | Reached skill level 5 in Dodging
 13905 | Lair:4   | Reached skill level 1 in Armour
 14656 | Lair:5   | Noticed Yermak's ghost (journeyman DgTm)
 14832 | Lair:5   | Killed Yermak's ghost
 14984 | Lair:5   | Noticed Nessos
 15001 | Lair:5   | Shot with an arrow by Nessos

Vault maps used:
D:1:      dpeg_arrival_three_bigger_balls
D:3:      chequers_ecumenical_altar_twisty, dk_vineyard_1, uniq_terence
D:4:      enter_ossuary_3, uniq_menkaure
D:5:      lemuel_coloured_pillars_altar, first_bread, serial_shops, shop, shop,
          cheibriados_altar_1
D:6:      minmay_opposing_rooms, temple_statues, basic_altar
D:7:      dk_xom_monty_hall, uniq_crazy_yiuf_cottage
D:8:      hangedman_ranch, fedhas_altar_1, uniq_pikel
D:9:      due_lair_maze_entry_diamond, nicolae_blasting_shop, uniq_psyche
Temple:   nicolae_temple_the_god_donut
Lair:1:   enter_volcano_2, grunt_megastairs_3
Lair:2:   swamp_mist_pool, dummy_snake_entry
Lair:3:   beast_lair_carwin_1
Lair:5:   bobbens_dragon_lair_wall, uniq_nessos
Ossuary:  ossuary_crypta

Skill      XL: |  1  2  3  4  5  6  7  8  9 10 11 12 |
---------------+-------------------------------------+-----
Hexes          | 5 6 7 8 9 11 12 13 | 13.0
Stealth        | 5 6 7 8 9 11 13 14 16 17 | 17.9
Ice Magic      | 1 2 3 4 5 6 |  6.3
Short Blades   | 2 3 4 5 6 |  6.4
Spellcasting   | 3 5 6 7 8 9 |  9.0
Fighting       | 1 2 3 |  3.3
Dodging        | 3 4 5 |  5.1
Invocations    | 2 4 6 |  6.3
Armour         | 2 |  2.1

Action                   |  1- 3 |  4- 6 |  7- 9 | 10-12 || total
-------------------------+-------+-------+-------+-------++-------
Melee: Dagger            |   106 |   119 |   253 |   402 ||   880
       Bite              |     5 |    11 |    20 |    36 ||    72
 Cast: Corona            |     4 |     2 |       |       ||     6
       Ensorcelled Hiber |    36 |    31 |    84 |   112 ||   263
       Confuse           |       |     7 |    41 |    60 ||   108
 Abil: Bat Form          |       |       |       |     2 ||     2
       End Transformatio |       |       |       |     1 ||     1
  Use: Scroll            |       |     9 |    17 |    10 ||    36
       Potion            |       |     9 |     9 |    17 ||    35
 Stab: Sleeping          |    28 |    26 |    75 |   103 ||   232
       Distracted        |       |     1 |       |       ||     1
       Confused          |       |     5 |    28 |    32 ||    65
       Paralysed         |       |       |     2 |    10 ||    12
  Eat: Corpse            |     1 |       |       |       ||     1
Armor: Robe              |    19 |    26 |    63 |    76 ||   184
       Leather armour    |       |       |       |    28 ||    28
Dodge: Dodged            |    66 |    70 |   146 |   263 ||   545

Table legend:
 A = Spawn XP
 B = Non-spawn XP
 C = Spawn XP percentage of total XP
 D = Spawn monster count
 E = Non-spawn monster count
 F = Spawn count percentage of total count
 G = Total turns spent on level
                    A         B        C        D         E        F      G
               +---------+---------+-------+---------+---------+-------+---------
         Total |       0 |   35789 |   0.0 |       0 |     353 |   0.0 | 15001
               +---------+---------+-------+---------+---------+-------+---------
           D:1 |       0 |      79 |   0.0 |       0 |      35 |   0.0 |  1861
           D:2 |       0 |     105 |   0.0 |       0 |      21 |   0.0 |  1736
           D:3 |       0 |     188 |   0.0 |       0 |      19 |   0.0 |   658
           D:4 |       0 |     781 |   0.0 |       0 |      28 |   0.0 |   627
           D:5 |       0 |     223 |   0.0 |       0 |      10 |   0.0 |   720
           D:6 |       0 |     931 |   0.0 |       0 |      26 |   0.0 |   966
           D:7 |       0 |    2421 |   0.0 |       0 |      30 |   0.0 |  1323
           D:8 |       0 |    3776 |   0.0 |       0 |      31 |   0.0 |   890
           D:9 |       0 |    3270 |   0.0 |       0 |      45 |   0.0 |   852
        Lair:1 |       0 |    4030 |   0.0 |       0 |      20 |   0.0 |   991
        Lair:2 |       0 |    6659 |   0.0 |       0 |      24 |   0.0 |   780
        Lair:3 |       0 |    2720 |   0.0 |       0 |      15 |   0.0 |   995
        Lair:4 |       0 |    6069 |   0.0 |       0 |      21 |   0.0 |  1333
        Lair:5 |       0 |    4370 |   0.0 |       0 |      16 |   0.0 |   297
       Ossuary |       0 |     167 |   0.0 |       0 |      12 |   0.0 |   713
               +---------+---------+-------+---------+---------+-------+---------
